 Dungeon Crawl Stone Soup version 0.29.1-15-g9cfb28693d (webtiles) character file.

Game seed: 2549456018262891042

49 H0rd4k the Charlatan (level 3, 0/25 HPs)
             Began as an Octopode Artificer on Mar 14, 2023.
             Succumbed to an adder's poison
             ... on level 2 of the Dungeon.
             The game lasted 00:01:05 (1803 turns).

H0rd4k the Charlatan (Octopode Artificer)           Turns: 1803, Time: 00:01:07

Health: 0/25       AC:  1    Str: 11    XL:     3   Next: 75%
Magic:  4/4        EV: 13    Int: 15    God:
Gold:   75         SH:  0    Dex: 12    Spells: 5/5 levels left

rFire   . . .      SeeInvis .     - Unarmed
rCold   . . .      Faith    .   (no shield)
rNeg    . . .      Spirit   .   (helmet restricted)
rPois   .          Reflect  .   (no amulet)
rElec   .          Harm     .   (no ring)
rCorr   .          Rampage  .   (no ring)
Will    .....      Clarity  +   (no ring)
Stlth   +++.......              (no ring)
HPRegen 0.08/turn               (no ring)
MPRegen 0.09/turn               (no ring)
                                (no ring)
                                (no ring)

@: lethally poisoned (0 -> -7)
A: almost no armour, amphibious, 8 rings, camouflage 1, gelatinous body 1,
(nimble swimmer 1), tentacles, clarity, low MP 1, evolution 2
a: no special abilities


You were on level 2 of the Dungeon.
You visited 1 branch of the dungeon, and saw 2 of its levels.

You collected 75 gold pieces.

Inventory:

Missiles
 g - 4 poisoned darts
Magical Staves
 e - a staff of death
Jewellery
 n - an amulet of guardian spirit
Wands
 b - a wand of flame (15) (quivered)
 c - a wand of charming (13)
 d - a wand of iceblast (5)
Scrolls
 a - 2 scrolls of teleportation {unknown}
 f - 2 scrolls of enchant weapon {unknown}
 h - a scroll of identify {unknown}
 l - a scroll of noise {unknown}
 m - a scroll of fog {unknown}
 o - a scroll of blinking {unknown}
Potions
 i - a potion of mutation
 j - a potion of flight {unknown}
 k - a potion of curing {unknown}


   Skills:
 * Level 2.3 Fighting
 - Level 2.3 Dodging
 - Level 1.3 Stealth
 + Level 1.0 Unarmed Combat
 * Level 1.7 Spellcasting
 - Level 3.2 Evocations


You had 5 spell levels left.
You didn't know any spells.
Your spell library contained the following spells:

 Spells                   Type           Power      Damage    Failure   Level
 Beastly Appendage        Tmut           2%         N/A       22%         1
 Sandblast                Erth           2%         2d4       22%         1
 Passwall                 Tmut/Erth      0%         N/A       34%         2
 Wereblood                Tmut           1%         N/A       34%         2
 Spider Form              Tmut/Pois      1%         N/A       56%         3
 Stone Arrow              Conj/Erth      2%         3d7       56%         3


Dungeon Overview and Level Annotations

Branches:
Dungeon (2/15)

Altars:


Innate Abilities, Weirdness & Mutations

You cannot wear most types of armour.
You are amphibious.
You can wear up to eight rings at the same time.
Your skin changes colour to match your surroundings (Stealth+).
Your rubbery body absorbs attacks. (AC +1, EV +1)
((You are camouflaged when in or above water. (Stealth+)))
You have tentacles for arms and can constrict up to eight enemies at once.
You possess an exceptional clarity of mind.
Your magical capacity is low. (-10% MP)
You have great hidden genetic potential.


Message History

You miss the adder. You grab the adder. Your squeeze misses the adder.
You constrict the adder.
You feel sick. The adder misses you.
You barely miss the adder.
The adder is lightly wounded.
You constrict the adder.
You feel sick. The adder bites you.
A giant cockroach comes into view.
You are too injured to fight recklessly!
You are too injured to fight recklessly!
There are monsters nearby!
There are monsters nearby!
You tentacle-slap the adder.
The adder is heavily wounded.
You constrict the adder.
You feel sick. The adder bites you.
* * * LOW HITPOINT WARNING * * *
The adder closely misses you.
There are monsters nearby!
You are too injured to fight recklessly!
You are too injured to fight recklessly!
You are too injured to fight recklessly!
There are monsters nearby!
There are monsters nearby!
There are monsters nearby!
You are too injured to fight recklessly!
You are too injured to fight recklessly!
There are monsters nearby!
You tentacle-slap the adder but do no damage.
The adder is severely wounded.
You constrict the adder.
You feel sick.
You are no longer poisoned.
The adder bites you.
* * * LOW HITPOINT WARNING * * *
You are lethally poisoned!
The adder poisons you!
It was a potion of mutation.
You feel extremely strange.
You feel less energetic.
You feel a hidden potential growing inside you.
Your thoughts seem clearer.
Your hidden genetic potential grows.
You constrict the adder.
You kill the adder!
You die...

#..# ## ##. .#..##
#. #.. ...... ..
#.# ....>.##. #B#
#....#. #.# #.†..
#.# ###.... #†#
##......
##########@#
.........
#..........#
###......
#.~.P⌠⌠~~..###
#..)...
#.PP....~....#
#....).
##.⌠.###.~....[...
...####.
#..P.#_#.........#
####....
#..~.#.#.P......##
##...#..
#....#.#.~......#
##.......
#..~.....⌠......#
#........


You could see a giant cockroach.

Vanquished Creatures
  2 adders (D:2)
  A dart slug (D:1)
  2 bats (D:1)
  2 endoplasms
  6 giant cockroaches
  2 hobgoblins (D:2)
  7 jackals (D:2)
  2 quokkas (D:1)
  6 frilled lizards
  A goblin (D:2)
  3 kobolds
  2 rats (D:2)
36 creatures vanquished.

Vanquished Creatures (others)
  A frilled lizard (D:2)
  2 fungi (D:2)
3 creatures vanquished.

Grand Total: 39 creatures vanquished

Notes
Turn   | Place    | Note
-------+----------+-------------------------------------------
     0 | D:1      | H0rd4k the Octopode Artificer began the quest for the Orb.
     0 | D:1      | Reached XP level 1. HP: 13/13 MP: 1/1
   398 | D:1      | Reached XP level 2. HP: 9/18 MP: 2/2
   679 | D:1      | Reached skill level 1 in Spellcasting
  1081 | D:2      | Reached XP level 3. HP: 22/24 MP: 4/4
  1696 | D:2      | Reached skill level 1 in Unarmed Combat
  1740 | D:2      | Found a faded altar of an unknown god.
  1803 | D:2      | Gained mutation: Your magical capacity is low. (-10% MP)
                  | [potion of mutation]
  1803 | D:2      | Gained mutation: You have hidden genetic potential. [potion
                  | of mutation]
  1803 | D:2      | Gained mutation: You possess an exceptional clarity of
                  | mind. [potion of mutation]
  1803 | D:2      | Gained mutation: You have great hidden genetic potential.
                  | [potion of mutation]
  1803 | D:2      | Succumbed to an adder's poison

Illustrated notes

Levels and vault maps discovered:
D:1:      minmay_arrival_three_doors, layout_loops_ring, chequers_avenue
D:2:      layout_rooms, shapermc_ecumenical_altar_acropolis,
          hangedman_abyss_or_decor_stabs, hangedman_abyss_or_decor_lesser_grid,
          minmay_lizard_pond

Skill      XL: |  1  2  3 |
---------------+----------+-----
Spellcasting   | 1 |  1.7
Fighting       | 2 |  2.3
Unarmed Combat | 1 |  1.0
Dodging        | |  2.3
Stealth        | |  1.3
Evocations     | |  3.2

Action                   || total
-------------------------++-------
Melee: Unarmed           ||   101
       Constrict         ||    23
       Tentacles         ||    25
       Punch             ||     1
Evoke: Wand              ||     2
  Use: Potion            ||     1
 Stab: Sleeping          ||     6
       Distracted        ||     1
Armor: Skin              ||     6
Dodge: Dodged            ||    69
